 Dungeon Crawl Stone Soup version 0.16-a0-3149-g1169300 (webtiles) character file.

329 myeffort the Ogre Mage (level 6, -5/53 HPs)
             Began as an Ogre Wizard on Dec 14, 2014.
             Slain by Noname's ghost (19 damage)
             ... in a sewer.
             The game lasted 00:12:42 (5070 turns).

myeffort the Ogre Mage (Ogre Wizard)                Turns: 5070, Time: 00:12:43

Health: -5/53      AC:  4    Str: 15    XL:     6   Next: 50%
Magic:  8/19       EV:  9    Int: 17    God:
Gold:   53         SH:  0    Dex:  8    Spells: 4 memorised, 8 levels left

rFire  . . .     SeeInvis .     r - +1 dagger (speed)
rCold  . . .     Clarity  .     a - +0 robe
rNeg   . . .     SustAb   .     (shield restricted)
rPois  .         Gourm    .     b - +0 hat
rElec  .         Spirit   .     v - +0 cloak {+Inv}
rCorr  .         Warding  .     (gloves unavailable)
rMut   .         Stasis   .     (boots unavailable)
MR     .....                    (no amulet)
Stlth  +.........               (no ring)
                                (no ring)

@: not resistant to hostile enchantments, very unstealthy
A: unfitting armour, tough skin 1
a: Evoke Invisibility


You were in a sewer.
You were not hungry.

You visited 1 branch of the dungeon, and saw 4 of its levels.
You also visited: Sewer.

You collected 124 gold pieces.
You spent 71 gold pieces at shops.

Inventory:

Hand weapons
 g - a +0 club
 h - a +0 dagger of venom
 n - a +0 flail
 r - a +1 dagger of speed (weapon)
 y - a +0 giant spiked club
Armour
 a - a +0 robe (worn)
 b - a +0 hat (worn)
 v - a +0 cloak of invisibility (worn)
Jewellery
 o - an uncursed ring of ice {unknown}
 u - a +4 ring of strength {unknown}
 x - an uncursed amulet of guardian spirit {unknown}
Scrolls
 e - 2 scrolls of teleportation
 f - 2 scrolls of identify
 j - 2 scrolls of magic mapping
 p - a scroll of fog {unknown}
 t - a scroll of blinking {unknown}
 z - a scroll of fear
 A - a scroll of remove curse
Potions
 k - 2 potions of haste {unknown}
 l - a potion of resistance {unknown}
 m - a potion of curing {unknown}
 q - a potion of agility
 s - a potion of berserk rage {unknown}
 w - a potion of magic
Books
 c - a book of Minor Magic

   Spells                             Type                      Level
   a - Magic Dart                     Conjuration                  1
   b - Blink                          Translocation                2
   c - Call Imp                       Summoning                    2
   d - Repel Missiles                 Charms/Air                   2
   e - Slow                           Hexes                        2
   f - Conjure Flame                  Conjuration/Fire             3
   g - Mephitic Cloud                 Conjuration/Poison/Air       3
Comestibles
 d - 2 meat rations
 i - 2 bread rations
 B - 2 chunks of flesh


   Skills:
 - Level 1.7 Dodging
 - Level 1.5 Stealth
 + Level 6.2 Spellcasting
 + Level 3.2 Conjurations
 - Level 0.6 Summonings
   Level 0.6 Translocations


You had 8 spell levels left.
You knew the following spells:

 Your Spells              Type           Power        Failure   Level  Hunger
a - Magic Dart            Conj           ###.         3%          1    None
b - Call Imp              Summ           #.......     17%         2    None
c - Conjure Flame         Conj/Fire      ##......     21%         3    ##.....
d - Mephitic Cloud        Conj/Pois/Air  #.......     24%         3    ##.....


Dungeon Overview and Level Annotations

Branches:
Dungeon (4/15)
 Temple: D:4-7

Altars:
Ru
Vehumet

Shops:
D:4 ?

Annotations:
Sewer Noname's ghost, experienced TrMo


Innate Abilities, Weirdness & Mutations

You are too large for most types of armour.
You have tough skin (AC +1).


Message History

Confirm with . or Enter, or press ? or * to list all spells.
A shadowy apparition takes form in the air.
Your shadow imp hits Noname's ghost but does no damage.
Noname's ghost hits you!!
* * * LOW HITPOINT WARNING * * *
Your crimson imp blinks!
Your crimson imp disappears in a puff of smoke!
Your shadow imp hits Noname's ghost but does no damage.
Your shadow imp disappears in a puff of smoke!
Your crimson imp hits Noname's ghost but does no damage.
Noname's ghost closely misses your crimson imp.
Your crimson imp hits Noname's ghost.
Your shadow imp hits Noname's ghost.
Your crimson imp blinks!
You enter the shallow water.
Moving in this stuff is going to be slow.
Your shadow imp barely misses Noname's ghost.
Noname's ghost keens inconsolably.
Noname's ghost hits you!!
You die...

##### #≈≈≈#
##++##≈≈≈##++###
###P.≈≈#≈≈@W5≈≈..#
#...≈≈≈#≈≈≈#P5P..#
##...≈.≈#≈≈≈#≈≈...#
#.......#≈≈≈#≈≈≈..#
#....P.P#≈≈≈#.5...#
#......≈#≈≈≈#.....#
##....P≈≈#≈≈≈#....##
#.....≈≈≈#≈≈≈#P≈P.##
##.....≈≈≈≈≈≈≈#≈≈...###


You could see Noname's ghost, a friendly crimson imp and a friendly shadow imp.

Vanquished Creatures
  A centaur (D:3)
  A goliath beetle (D:4)
  Crazy Yiuf (D:3)
  2 adders
  3 giant mites
  A worm (D:3)
  4 giant geckos
  5 orcs
  4 ball pythons
  10 bats
  12 goblins
  7 hobgoblins
  5 jackals (D:3)
  2 quokkas
  5 giant cockroaches
  6 giant newts
  11 kobolds
  12 rats
92 creatures vanquished.

Vanquished Creatures (collateral kills)
  An ogre (D:4)
  An orc priest (D:3)
  2 orc wizards
  2 adders
  A worm (D:2)
  2 orcs (D:3)
  A ball python (D:4)
  A goblin (D:3)
  2 hobgoblins
  4 jackals (D:2)
  2 kobolds (D:3)
  4 rats
23 creatures vanquished.

Vanquished Creatures (others)
  6 crimson imps
  6 shadow imps
  5 white imps
17 creatures vanquished.

Grand Total: 132 creatures vanquished

Notes
Turn   | Place    | Note
--------------------------------------------------------------
     0 | D:1      | myeffort, the Ogre Wizard, began the quest for the Orb.
     0 | D:1      | Reached XP level 1. HP: 16/16 MP: 4/4
   180 | D:1      | Reached skill level 1 in Conjurations
   254 | D:1      | Reached XP level 2. HP: 24/24 MP: 3/6
   258 | D:1      | Learned a level 2 spell: Call Imp
   389 | D:1      | Reached skill level 4 in Spellcasting
   770 | D:1      | Reached XP level 3. HP: 31/31 MP: 2/9
   779 | D:1      | Learned a level 3 spell: Conjure Flame
   783 | D:1      | Learned a level 3 spell: Mephitic Cloud
  1821 | D:2      | Reached XP level 4. HP: 39/39 MP: 4/11
  2555 | D:3      | Found a sacrificial altar of Ru.
  2561 | D:3      | Found a radiant altar of Vehumet.
  2714 | D:3      | Reached skill level 5 in Spellcasting
  2719 | D:3      | Reached XP level 5. HP: 16/45 MP: 4/15
  3219 | D:3      | Noticed Crazy Yiuf
  3537 | D:3      | Killed Crazy Yiuf
  4013 | D:3      | Noticed a centaur
  4028 | D:3      | Killed a centaur
  4028 | D:3      | Reached XP level 6. HP: 17/53 MP: 1/18
  4431 | D:4      | Noticed an ogre
  4441 | D:4      | Killed an ogre
  4441 | D:4      | Reached skill level 6 in Spellcasting
  4503 | D:4      | Found Kliakih's Magic Scroll Boutique.
  4523 | D:4      | Bought a scroll of fear for 38 gold pieces
  4523 | D:4      | Bought a scroll of remove curse for 33 gold pieces
  4575 | D:4      | Found a glowing drain.
  4619 | Sewer    | Entered a sewer
  5042 | Sewer    | Noticed Noname's ghost (experienced TrMo)
  5070 | Sewer    | Slain by Noname's ghost

Action                   |  1- 3 |  4- 6 || total
-------------------------+-------+-------++-------
Melee: Unarmed           |     9 |       ||     9
       Club              |    22 |       ||    22
       Dagger            |       |   107 ||   107
 Cast: Magic Dart        |    89 |    81 ||   170
       Call Imp          |     2 |    60 ||    62
  Use: Scroll            |       |     3 ||     3
       Potion            |       |     1 ||     1
  Eat: Chunk             |     2 |    11 ||    13
